 Dungeon Crawl Stone Soup version 0.26.1-11-gd32895ea62 (webtiles) character file.

Game seed: 18149279157105915432

6225 promet the Fighter (level 10, -1/108 (115) HPs)
             Began as an Ogre Berserker on July 4, 2021.
             Was an Elder of Trog.
             Slain by a killer bee (8 damage)
             ... on level 10 of the Dungeon.
             The game lasted 01:05:13 (15893 turns).

promet the Fighter (Ogre Berserker)                Turns: 15893, Time: 01:05:14

HP:   -1/108 (115)  AC:  4    Str: 23    XL:     10   Next: 92%
MP:   10/10         EV: 11    Int:  9    God:    Trog [****..]
Gold: 497           SH:  0    Dex: 10    Spells: 9/9 levels left

rFire    . . .     SeeInvis .   T - +0 giant spiked club
rCold    . . .     Faith    .   (shield currently unavailable)
rNeg     + . .     Spirit   .   w - +1 animal skin
rPois    .         Reflect  .   (helmet restricted)
rElec    .         Harm     .   (no cloak)
rCorr    .         Rampage  .   (gloves unavailable)
Will     +....                  (boots unavailable)
Stlth    +++.......             (no amulet)
HPRegen  0.28/turn              S - ring of positive energy
MPRegen  0.12/turn              e - ring of stealth

@: lethally poisoned (-1 -> -13), hasted, drained, very quick
A: large, unfitting armour, tough skin 1
a: Renounce Religion, Berserk, Trog's Hand, Brothers in Arms


You were on level 10 of the Dungeon.
You worshipped Trog.
Trog was greatly pleased with you.
You visited 1 branch of the dungeon, and saw 10 of its levels.

You collected 497 gold pieces.

Inventory:

Hand Weapons
 a - a +0 spear of venom
 b - a +0 shortbow
 h - a +3 flail
 k - a +5 great sword
 l - a +0 long sword
 m - a +2 whip of electrocution
 o - a +2 vorpal hand axe
 v - a +1 rapier of venom
 y - a +0 flail of holy wrath
 J - a +0 halberd
 P - a +1 hand axe of flaming
 Q - a +0 hunting sling
 T - a +0 giant spiked club (weapon)
Missiles
 c - 354 stones
 p - 4 large rocks (quivered)
 s - 148 arrows
 u - 2 atropa-tipped darts
 z - 40 poisoned darts
 B - 13 sling bullets
 E - 12 boomerangs
 M - 39 bolts
Armour
 w - a +1 animal skin (worn)
Jewellery
 d - an uncursed ring of protection from fire
 e - a ring of stealth (right hand)
 j - a +6 ring of intelligence
 r - an uncursed ring of flight
 K - a +6 ring of intelligence
 S - a ring of positive energy (left hand)
Wands
 n - a wand of iceblast (14)
 q - a wand of random effects (28)
 F - a wand of polymorph (10)
 H - a wand of digging (11)
 I - a wand of paralysis (27)
Scrolls
 f - a scroll of amnesia
 g - 11 scrolls of identify
 C - 2 scrolls of magic mapping
 G - a scroll of holy word {unknown}
 L - 3 scrolls of remove curse
 O - a scroll of teleportation
 R - a scroll of blinking
Potions
 i - 2 potions of lignification
 t - a potion of flight
 x - a potion of berserk rage
 A - a potion of haste
 D - 2 potions of magic


   Skills:
 * Level 11.9 Fighting
 + Level 1.4(4.5) Short Blades
 + Level 6.9(7.0) Long Blades
 + Level 4.1(5.7) Axes
 + Level 3.1(4.0) Maces & Flails
 + Level 4.7(5.4) Polearms
 + Level 1.4(1.7) Slings
 + Level 1.0 Bows
 + Level 1.9(2.4) Throwing
 + Level 5.0 Dodging
 + Level 4.2 Stealth
 * Level 2.1 Evocations


You had 9 spell levels left.
You didn't know any spells.
Your spell library was empty.

Dungeon Overview and Level Annotations

Branches:
Dungeon (10/15)            Temple (0/1) D:4             Orc (0/2) D:10
   Lair: D:8-11

Altars:
Ashenzari
Cheibriados
Elyvilon
Gozag
Kikubaaqudgha
Nemelex Xobeh
Okawaru
Qazlal
Ru
Beogh

Shops:
D:7 (   D:8 (

Annotations:
D:3 3 runed translucent doors, JBAR's ghost, amateur GnWn
D:7 Pikel
D:10 3 runed translucent doors, Zeld's ghost, journeyman GrEE


Innate Abilities, Weirdness & Mutations

You are too large for most types of armour.
You have tough skin. (AC +1)


Message History

The killer bee poisons you!
You miss the killer bee.
The killer bee is severely wounded.
You feel sick. The killer bee barely misses you.
The killer bee completely misses you.
You miss the killer bee.
The killer bee is severely wounded.
You feel sick. The killer bee stings you!
* * * LOW HITPOINT WARNING * * *
The killer bee stings you.
* * * LOW HITPOINT WARNING * * *
You closely miss the killer bee.
The killer bee is severely wounded.
* * * LOW HITPOINT WARNING * * *
You feel sick. The killer bee barely misses you. x2
You miss the killer bee.
The killer bee is severely wounded.
* * * LOW HITPOINT WARNING * * *
You feel sick. The killer bee stings you!
You die...

#.....###
##.))........).....##
##.####
##................## #..#
##.......#########..#
#..##### ##....).### ##..
#.#....# #......## ##.
.......# #......# ##
.......# #...#..# #######
# .......# #..##.##
##.....### ......##
#####@# ###........#
......# ###.y##
#........... ......#
####.....####...........
#######
#.....8.....#>..........
##......(....#...........
##........................
#..8....>[...8))..........
##
#........(................
.##
#.#...........#...........


You could see a killer bee.

Vanquished Creatures
  2 trolls
  4 yaks (D:10)
  Eustachio (D:4)
  3 orc warriors
  A black bear (D:10)
  5 sky beasts
  2 necrophages
  5 centaurs
  5 ogres
  An elf zombie (D:7)
  5 bullfrogs
  4 scorpions
  8 killer bees
  10 wights
  6 howler monkeys
  A bullfrog zombie (D:6)
  A centaur zombie (D:5)
  2 jellies
  2 bullfrog skeletons
  10 hounds
  3 human zombies (D:7)
  10 orc priests
  5 orc wizards
  A centaur skeleton (D:3)
  3 human skeletons (D:7)
  Ijyb (D:4)
  2 iguanas
  6 worker ants
  A killer bee zombie (D:9)
  A hound skeleton (D:10)
  3 mummies (D:7)
  2 worker ant zombies
  8 adders
  A howler monkey skeleton (D:10)
  2 shadow imps
  A white imp (D:6)
  3 oozes
  4 worms
  5 leopard geckos
  53 orcs
  5 giant cockroaches
  14 goblins
  9 hobgoblins
  3 jackals (D:3)
  4 kobolds
  A quokka (D:3)
  2 ball pythons
  8 bats
  5 frilled lizards
  2 leopard gecko skeletons
  A leopard gecko zombie (D:5)
  8 rats
255 creatures vanquished.

Notes
Turn   | Place    | Note
-------+----------+-------------------------------------------
     0 | D:1      | promet the Ogre Berserker began the quest for the Orb.
     0 | D:1      | Reached XP level 1. HP: 24/24 MP: 1/1
   117 | D:1      | Reached XP level 2. HP: 33/33 MP: 2/2
   347 | D:1      | Reached XP level 3. HP: 22/41 MP: 3/3
   709 | D:1      | Reached skill level 5 in Fighting
  1193 | D:2      | Reached ** piety under Trog
  1449 | D:2      | Found a sacrificial altar of Ru.
  1565 | D:2      | Reached XP level 4. HP: 37/50 MP: 4/4
  2072 | D:2      | Found an opulent altar of Gozag.
  2243 | D:2      | Reached XP level 5. HP: 57/57 MP: 5/5
  2244 | D:2      | Found an iron altar of Okawaru.
  2500 | D:3      | Reached skill level 1 in Maces & Flails
  2894 | D:3      | Reached skill level 1 in Stealth
  2955 | D:3      | Found a runed translucent gate.
  2956 | D:3      | Found a runed translucent gate.
  2957 | D:3      | Found a runed translucent gate.
  2984 | D:3      | Reached *** piety under Trog
  3020 | D:3      | Reached skill level 6 in Fighting
  3020 | D:3      | Reached XP level 6. HP: 16/67 MP: 6/6
  3447 | D:3      | Found a white marble altar of Elyvilon.
  3612 | D:3      | Noticed JBAR's ghost (amateur GnWn)
  4164 | D:4      | Noticed Ijyb
  4168 | D:4      | Noticed Eustachio
  4179 | D:4      | Killed Ijyb
  4203 | D:4      | Killed Eustachio
  4204 | D:4      | Reached skill level 1 in Polearms
  4204 | D:4      | Reached skill level 1 in Throwing
  4204 | D:4      | Reached XP level 7. HP: 52/76 MP: 7/7
  4959 | D:4      | Found a staircase to the Ecumenical Temple.
  5109 | D:4      | Reached skill level 7 in Fighting
  5262 | D:5      | Entered Level 5 of the Dungeon
  5936 | D:5      | Reached XP level 8. HP: 87/87 MP: 8/8
  6018 | D:5      | Reached skill level 8 in Fighting
  6807 | D:5      | Reached skill level 1 in Slings
  7304 | D:6      | Reached **** piety under Trog
  7526 | D:6      | Reached skill level 1 in Long Blades
  8178 | D:6      | Reached skill level 9 in Fighting
  8178 | D:6      | Reached XP level 9. HP: 92/98 MP: 9/9
  9356 | D:7      | Reached ***** piety under Trog
  9657 | D:7      | Reached skill level 10 in Fighting
  9657 | D:7      | Reached skill level 1 in Short Blades
  9971 | D:7      | Noticed Pikel
 10417 | D:7      | Found Odycisann's Antique Weapon Emporium.
 10617 | D:7      | Found a sparkling altar of Nemelex Xobeh.
 10644 | D:7      | Found an ancient bone altar of Kikubaaqudgha.
 10907 | D:7      | Reached skill level 5 in Long Blades
 11008 | D:8      | Found a stormy altar of Qazlal.
 11036 | D:8      | Found Soppuo Calu's Weapon Shop.
 11160 | D:8      | Found a broken altar of Ashenzari.
 11252 | D:8      | Reached XP level 10. HP: 111/111 MP: 10/10
 11962 | D:9      | Found a snail-covered altar of Cheibriados.
 12580 | D:9      | Reached skill level 11 in Fighting
 12712 | D:9      | Got an encrusted hunting sling
 12713 | D:9      | Identified the cursed +2 hunting sling "Plog" {vorpal,
                  | Fragile Int+7} (You found it on level 9 of the Dungeon)
 12875 | D:9      | Reached skill level 1 in Evocations
 13400 | D:10     | Entered Level 10 of the Dungeon
 13892 | D:10     | Reached skill level 5 in Dodging
 14278 | D:10     | Found a staircase to the Orcish Mines.
 15343 | D:10     | Reached skill level 1 in Bows
 15479 | D:10     | Found a runed translucent gate.
 15479 | D:10     | Found a runed translucent gate.
 15479 | D:10     | Found a runed translucent gate.
 15487 | D:10     | Noticed Zeld's ghost (journeyman GrEE)
 15515 | D:10     | Identified the +8 plate armour of the Equator {Harm Stlth+}
 15516 | D:10     | Found a roughly hewn altar of Beogh.
 15893 | D:10     | Slain by a killer bee

Illustrated notes

Levels and vault maps discovered:
D:1:      dpeg_arrival_rhombus, layout_basic, hangedman_decor_riveting
D:2:      layout_loops_ring, lemuel_coloured_pillars_altar,
          nicolae_ru_awakened_eye, kennysheep_okawaru_gauntlet
D:3:      layout_basic, old_standard_altar, gammafunk_ghost_split
D:4:      layout_loops_ring, minmay_temple_entry_wispy, minmay_misc_feat_rugged,
          minmay_goblin_outpost, uniq_ijyb, uniq_eustachio
D:5:      layout_loops_ring
D:6:      layout_rooms, minmay_starry_boxes
D:7:      layout_basic, kennysheep_mini, serial_shops, kennysheep_mini_moat,
          lemuel_mausoleum_altar_kikubaaqudgha, uniq_pikel
D:8:      layout_basic, lemuel_crystal_altar, serial_shops, shop,
          nicolae_ashenzari_panopticon
D:9:      layout_basic, cheibriados_altar_1, minmay_puff
D:10:     layout_cave_pods, david_orc_2, biasface_ghost_orc_armoury

Skill      XL: |  1  2  3  4  5  6  7  8  9 10 |
---------------+-------------------------------+-----
Fighting       | 5 6 7 9 10 11 | 11.9
Dodging        | 3 4 5 |  5.0
Axes           | 4 |  4.1
Maces & Flails | 1 2 3 |  3.1
Stealth        | 1 2 3 4 |  4.2
Polearms       | 1 3 4 |  4.7
Throwing       | 1 |  1.9
Slings         | 1 |  1.4
Long Blades    | 1 5 6 |  6.9
Short Blades   | 1 |  1.4
Evocations     | 2 |  2.1
Bows           | 1 |  1.0

Action                   |  1- 3 |  4- 6 |  7- 9 | 10-12 || total
-------------------------+-------+-------+-------+-------++-------
Melee: Hand axe          |   103 |       |       |       ||   103
       Whip              |     8 |    90 |       |       ||    98
       Spear             |       |    57 |   132 |    10 ||   199
       Great sword       |       |       |   176 |    91 ||   267
       Rapier            |       |       |    14 |    13 ||    27
       Giant spiked club |       |       |       |    51 ||    51
 Fire: Hunting sling     |       |       |    22 |     2 ||    24
       Shortbow          |       |       |       |    19 ||    19
Throw: Stone             |       |    17 |       |     2 ||    19
       Dart              |       |     2 |     4 |    14 ||    20
       Large rock        |       |       |       |     4 ||     4
Invok: Berserk           |       |     1 |     1 |     1 ||     3
       Trog's Hand       |       |     1 |       |       ||     1
Evoke: Wand              |       |     1 |       |     1 ||     2
  Use: Potion            |     5 |     5 |     4 |     4 ||    18
       Scroll            |     5 |     1 |     6 |     2 ||    14
 Stab: Invisible         |     1 |       |       |       ||     1
       Sleeping          |       |     1 |    17 |     8 ||    26
Armor: Animal skin       |    40 |    24 |    49 |    27 ||   140
Dodge: Dodged            |    69 |    63 |   178 |   126 ||   436
       Rpst.: Great sword |       |       |    47 |    30 ||    77
